 Dungeon Crawl Stone Soup version 0.29-a0-414-g5075937ec3 (webtiles) character file.

Game seed: 16564350619387043778

185170 marklar909 the Fencer (level 18, -20/294 HPs)
             Began as a Mayflytaur Fighter on Mar 26, 2022.
             Was an Initiate of Gozag.
             Demolished by a jumping spider (22 damage)
             ... on level 4 of the Spider Nest on May 15, 2022.
             The game lasted 01:53:22 (49161 turns).

marklar909 the Fencer (Mayflytaur Fighter)         Turns: 49161, Time: 01:53:22

Health: -20/294    AC: 34    Str: 26    XL:     18   Next: 2%
Magic:  37/37      EV: 21    Int: 10    God:    Gozag
Gold:   3673       SH:  0    Dex: 22    Spells: 14/29 levels left

rFire   + . .      SeeInvis +   a - +6 long sword "Pastrosh" {spect, rElec Dex+2}
rCold   . . .      Faith    .   l - +1 tower shield
rNeg    . . .      Spirit   .   t - +2 leather armour {rPois}
rPois   +          Reflect  +   h - +2 helmet
rElec   +          Harm     .   Y - +2 cloak
rCorr   +          Rampage  .   f - +2 pair of gloves
Will    ++...                   j - +3 barding of Bedevilment {MP+9 Dex+9}
Stlth   ..........              W - amulet of reflection
HPRegen 0.59/turn               H - ring of resist corrosion
MPRegen 0.25/turn               V - +4 ring of evasion

@: confused, berserking, lethally poisoned (-20 -> -57), spiked, slowed, curled
up
A: damage resistance, rugged brown scales 3, see invisible, deformed body, sense
surroundings 1, roll 1, armoured tail, reflexive curl, stinger 1, thin skeletal
structure 1, fire resistance 1, weak 1
}: 1/15 runes: decaying
a: Rolling Charge, Renounce Religion, Potion Petition, Call Merchant, Bribe
Branch


You were on level 4 of the Spider Nest.
You worshipped Gozag.
Gozag was most pleased with you.
You visited 5 branches of the dungeon, and saw 31 of its levels.
You also visited: Volcano.

You collected 9886 gold pieces.
You spent 3138 gold pieces at shops.
You paid 3075 gold pieces to Gozag.

Inventory:

Hand Weapons
 a - the +6 long sword "Pastrosh" (weapon) {spect, rElec Dex+2}
   (You found it on level 11 of the Dungeon)

   When its wielder attacks, the weapon's spirit leaps out and strikes again.
   The spirit shares a part of any damage it takes with its wielder.
   Dex:       It affects your dexterity (+2).
   rElec:     It insulates you from electricity.
 b - a +1 scimitar of flaming
 Q - a +1 long sword of holy wrath
Missiles
 F - a throwing net (quivered)
Armour
 f - a +2 pair of gloves (worn)
 h - a +2 helmet (worn)
 j - the +3 barding of Bedevilment (worn) {MP+9 Dex+9}
   (You acquired it on level 7 of the Dungeon)

   Dex:       It affects your dexterity (+9).
   MP:        It affects your magic capacity (+9).
 l - a +1 tower shield (worn)
 t - a +2 leather armour of poison resistance (worn)
 L - a +2 chain mail of willpower
 Y - a +2 cloak (worn)
Jewellery
 s - a ring of protection from cold
 H - a ring of resist corrosion (left hand)
 V - a +4 ring of evasion (right hand)
 W - an amulet of reflection (around neck)
Wands
 c - a wand of mindburst (3)
 y - a wand of iceblast (6)
 D - a wand of charming (3)
 E - a wand of flame (14)
 K - a wand of paralysis (10)
 S - a wand of polymorph (27)
 T - a wand of digging (6)
Scrolls
 i - 5 scrolls of fear
 n - 4 scrolls of immolation
 q - a scroll of silence
 z - 2 scrolls of fog
 A - 9 scrolls of identify
 B - 17 scrolls of teleportation
 C - a scroll of amnesia
 G - a scroll of brand weapon
 J - 5 scrolls of magic mapping
 M - a scroll of holy word
 O - a scroll of summoning
Potions
 d - 7 potions of might
 e - 14 potions of curing
 g - 4 potions of invisibility
 k - 2 potions of brilliance
 m - 7 potions of mutation
 o - a potion of flight
 p - 11 potions of heal wounds
 r - 4 potions of haste
 u - 4 potions of ambrosia
 v - 4 potions of cancellation
 x - 3 potions of lignification
 I - 2 potions of magic
Miscellaneous
 w - a box of beasts


   Skills:
 * Level 17.0 Fighting
 + Level 19.1 Long Blades
 + Level 8.4 Maces & Flails
 + Level 2.1 Throwing
 * Level 11.7 Armour
 + Level 12.4 Dodging
 + Level 11.5 Stealth
 + Level 14.8 Shields
 + Level 0.9 Unarmed Combat
 + Level 6.4 Spellcasting
 * Level 6.0 Hexes
 * Level 3.7 Summonings
 + Level 4.0 Evocations


You had 14 spell levels left.
You knew the following spells:

 Your Spells              Type           Power      Damage    Failure   Level
a - Dazzling Flash        Conj/Hex       18%        N/A       56%         3
b - Summon Guardian Gole  Hex/Summ       12%        N/A       32%         3
c - Anguish               Hex/Necr       4%         N/A       93%         4
d - Summon Mana Viper     Hex/Summ       12%        N/A       97%         5

Your spell library contained the following spells:

 Spells                   Type           Power      Damage    Failure   Level
 Summon Small Mammal      Summ           40%        N/A       19%         1
 Tukima's Dance           Hex            15%        N/A       21%         3
 Call Imp                 Summ           10%        N/A       26%         2
 Call Canine Familiar     Summ           10%        N/A       47%         3
 Beastly Appendage        Tmut           6%         N/A       63%         1
 Magic Dart               Conj           12%        1d3       63%         1
 Sting                    Tmut/Pois      12%        1d3       63%         1
 Corpse Rot               Necr/Air       6%         N/A       77%         2
 Passwall                 Tmut/Erth      2%         N/A       77%         2
 Leda's Liquefaction      Hex/Erth       4%         N/A       93%         4
 Mephitic Cloud           Conj/Pois/Air  3%         N/A       94%         3
 Alistair's Intoxication  Tmut/Pois      2%         N/A       100%        5
 Lee's Rapid Deconstruct  Erth           1%         3d5*      100%        5
 Conjure Ball Lightning   Conj/Air       1%         3x3d6     100%        6
 Statue Form              Tmut/Erth      2%         N/A       100%        6
 Enfeeble                 Hex            7%         N/A       100%        7
 Orb of Destruction       Conj           1%         9d5       100%        7
 Spellforged Servitor     Conj/Summ      3%         N/A       100%        7
 Discord                  Hex            7%         N/A       100%        8
 Disjunction              Tloc           1%         N/A       100%        8


Dungeon Overview and Level Annotations

Branches:
Dungeon (15/15)            Temple (0/1) D:6            Lair (6/6) D:8
  Swamp (4/4) Lair:4       Spider (4/4) Lair:2        Slime (0/5) Lair:5
    Orc (2/2) D:9             Elf (0/3) Orc:2        Vaults (0/5) D:14
 Depths (0/4) D:15        Volcano (visited)

Altars:
Cheibriados
Elyvilon
Gozag
Nemelex Xobeh
Sif Muna
Xom
Beogh

Shops:
D:1 (   D:10 !   D:11 [   Orc:1 !   Orc:2 *[=*=

Annotations:
D:4 1 runed translucent door
D:12 1 runed translucent door, bande's ghost, journeyman GrFi
Lair:1 exclusion: oklob plant
Lair:2 exclusion: hydra
Spider:2 2 transporters, Baxzics's ghost, adept DECj


Innate Abilities, Weirdness & Mutations

You are resistant to damage.
You are completely covered in rugged brown scales. (AC +3, +7% HP)
You have supernaturally acute eyesight. (SInv)
Armour fits poorly on your strangely shaped body.
You passively map a small area around you.
You can roll at nearby foes to attack.
You have a long armoured tail.
You curl defensively after being hit. (AC +7*)
Your tail ends in a venomous barb.
You have a somewhat thin skeletal structure. (Dex +2, Stealth+)
Your flesh is heat resistant. (rF+)
You are weak. (Str -2)


Message History

The redback bites you but does no damage.
You are too berserk!
You miss the tarantella. You tail-slap the tarantella!!
The tarantella is poisoned.
The tarantella is heavily wounded.
The culicivora is no longer berserk.
The jumping spider pounces on you but does no damage.
The jumping spider misses you.
The redback bites you but does no damage.
The tarantella touches you!
* * * LOW HITPOINT WARNING * * *
The tarantella misses you. The jumping spider misses you.
The jumping spider bites you but does no damage.
The steelbarb worm hits you!
* * * LOW HITPOINT WARNING * * *
Barbed spikes become lodged in your body.
The redback misses you. The torpor snail misses you.
The jumping spider pounces on you but does no damage.
The jumping spider completely misses you.
The redback misses you. The tarantella touches you!
* * * LOW HITPOINT WARNING * * *
You are more confused.
The tarantella closely misses you.
The jumping spider completely misses you.
The jumping spider misses you.
The redback bites you but does no damage.
The steelbarb worm hits you!
* * * LOW HITPOINT WARNING * * *
Barbed spikes become lodged in your body.
You're too confused to move!
The redback bites you!
* * * LOW HITPOINT WARNING * * *
You are lethally poisoned!
The redback poisons you! The jumping spider barely misses you.
The jumping spider misses you. The tarantella completely misses you.
The tarantella misses you.
The jumping spider pounces on you but does no damage.
The jumping spider misses you. The redback closely misses you.
The redback barely misses you. The jumping spider pounces on you!!
You die...
Your body crumbles into a pile of gold.

# .#^ #########
...#*##.......#
* *..#.#
...^.^.^
............# .
, , ......#....
... *
#.....sws#.....
#sw@s...... *,
#..sss......, ,
.......s..#....
*
...............
.........#... .
,
......s#.......
, , , ....^..
.. ..#. ...^...
...... , , *


You could see a steelbarb worm (berserk), a torpor snail (berserk), a culicivora
(slow), 3 jumping spiders, 2 tarantellas and 3 redbacks.

Vanquished Creatures
  Rupert (Lair:5)
  A thorn hunter (Swamp:4)
  Roxanne (Spider:3)
  An orc warlord (Orc:2)
  A fenstrider witch (Swamp:3)
  Louise (Swamp:1)
  2 broodmothers
  2 ghouls (Swamp:4)
  A ghost moth (Spider:2)
  7 eleionomae
  2 spark wasps
  A dire elephant (D:15)
  2 bunyips
  2 entropy weavers
  Snorg (D:13)
  Josephine (D:11)
  A fire dragon (D:14)
  Erolcha (D:11)
  4 ice dragons
  Harold (D:9)
  13 hydras
  Fannar (D:11)
  An ogre mage (D:15)
  A catoblepas (Lair:6)
  A spriggan air mage (Swamp:3)
  2 nameless horrors
  A ghost crab (Swamp:2)
  10 boulder beetles
  3 two-headed ogres
  Erica (D:10)
  4 centaur warriors
  2 jorogumos (Spider:2)
  8 alligators
  2 tengu warriors
  4 death yaks (Lair:4)
  5 orc high priests (Orc:2)
  Nergalle (Orc:1)
  Sonja (D:9)
  A pharaoh ant (Spider:3)
  2 goliath frogs
  A death drake (Swamp:1)
  2 steelbarb worms
  5 swamp dragons
  4 orb spiders
  4 spriggan druids
  6 bog bodies
  A wizard (Volcano)
  Pikel (D:9)
  11 wolf spider zombies (Spider:1)
  A lindwurm (Lair:5)
  7 orc knights
  A spectral wolf spider (Spider:1)
  10 wolf spiders
  2 deep elf pyromancers
  An oklob plant (Lair:6)
  A slime creature (D:15)
  3 orc sorcerers
  5 salamanders
  12 cyclopes
  12 ugly things
  3 manticores
  3 moths of wrath
  4 will-o-the-wisps
  Maurice (Orc:2)
  An elephant (Lair:4)
  7 black mambas
  2 gargoyles (Volcano)
  4 molten gargoyles (Volcano)
  Psyche (D:11)
  8 cane toads
  Maggie (D:6)
  2 unseen horrors (D:11)
  3 torpor snails
  6 demonic crawlers
  6 komodo dragons
  3 rime drakes
  4 freezing wraiths
  7 trolls
  4 polar bears
  8 tyrant leeches
  17 hornets
  Prince Ribbit (D:9)
  A bloated husk (Swamp:1)
  3 wolf spider simulacra (Spider:1)
  12 tarantellas
  12 dream sheep
  18 blink frogs
  14 culicivoras
  3 shadows
  14 jumping spiders
  2 vampires
  Sigmund (D:2)
  21 spriggans
  7 wraiths
  46 yaks
  4 basilisks
  Grum (D:8)
  6 swamp worm simulacra (Swamp:4)
  5 wyverns
  19 redbacks
  6 wargs
  13 hydra simulacra (Swamp:4)
  10 swamp worms
  2 acid dragons
  9 water moccasins
  4 swamp drakes
  39 orc warriors
  3 sky beasts
  An ice beast (D:8)
  3 black bears (Lair:6)
  11 ogres
  22 wolves
  4 boggarts (Lair:6)
  6 centaurs
  3 phantoms
  A lemure (D:9)
  11 bullfrogs
  A gnoll sergeant (D:8)
  3 scorpions (Lair:2)
  4 killer bees (D:11)
  7 howler monkeys
  5 electric eels
  4 jellies
  2 hounds (D:6)
  27 orc priests
  2 gnoll shamans
  Jessica (D:2)
  5 iguanas
  16 orc wizards
  A mummy (D:4)
  11 gnolls
  A river rat (D:4)
  5 adders
  A white imp (D:6)
  2 swamp drake simulacra (Swamp:4)
  4 worms
  The ghost of pickled the Covert, a weakling GnDe (D:4)
  3 dart slugs (D:2)
  70 orcs
  10 bats
  10 endoplasms
  5 giant cockroaches
  5 goblins
  5 hobgoblins
  4 jackals (D:4)
  3 quokkas
  10 ball pythons
  A frilled lizard (D:3)
  7 kobolds
  24 rats
  A butterfly (Lair:4)
882 creatures vanquished.

Vanquished Creatures (collateral kills)
  A polar bear (Lair:5)
  A bullfrog (Lair:5)
2 creatures vanquished.

Vanquished Creatures (others)
  A bunyip (Swamp:4)
  A hydra (Swamp:4)
  2 dancing weapons (D:14)
  A goliath frog (Swamp:4)
  A wolf spider (Spider:3)
  A bloated husk (Swamp:1)
  A tyrant leech (Swamp:4)
  A redback (Spider:3)
  A necrophage (Swamp:4)
  2 orc wizards
  An orc (Orc:2)
  14 foxfires
  27 fungi
  27 plants
  4 withered plants (D:2)
85 creatures vanquished.

Grand Total: 969 creatures vanquished

Notes
Turn   | Place    | Note
-------+----------+-------------------------------------------
     0 | D:1      | marklar909 the Palentonga Fighter began the quest for the
                  | Orb.
     0 | D:1      | Reached XP level 1. HP: 19/19 MP: 1/1
   424 | D:1      | Reached XP level 2. HP: 19/25 MP: 2/2
   713 | D:1      | Found Wej Helioff's Weapon Emporium.
  1226 | D:2      | Noticed Sigmund
  1498 | D:2      | Found a white marble altar of Elyvilon.
  1516 | D:2      | Found a faded altar of an unknown god.
  1687 | D:2      | Reached XP level 3. HP: 31/31 MP: 3/3
  1743 | D:2      | Noticed Jessica
  1748 | D:2      | Killed Jessica
  1920 | D:2      | Killed Sigmund
  1921 | D:2      | Reached skill level 1 in Dodging
  1921 | D:2      | Reached XP level 4. HP: 20/39 MP: 4/4
  1921 | D:2      | Reached XP level 5. HP: 23/44 MP: 5/5
  2375 | D:3      | Got the Almanac of Fascination and Necromancy
  2786 | D:3      | Reached XP level 6. HP: 41/51 MP: 6/6
  2794 | D:3      | Gained mutation: You have a somewhat thin skeletal
                  | structure. (Dex +2, Stealth+) [potion of mutation]
  2794 | D:3      | Gained mutation: You are weak. (Str -2) [potion of
                  | mutation]
  2794 | D:3      | Gained mutation: Your flesh is heat resistant. (rF+)
                  | [potion of mutation]
  2794 | D:3      | Gained mutation: Your tail ends in a venomous barb. [potion
                  | of mutation]
  4283 | D:4      | Found a runed translucent door.
  4577 | D:4      | Found a snail-covered altar of Cheibriados.
  4717 | D:4      | Gained mutation: You curl defensively after being hit. (AC
                  | +7*) [Palentonga growth]
  4717 | D:4      | Reached XP level 7. HP: 32/57 MP: 7/7
  5070 | D:4      | Found a runed translucent door.
  5158 | D:4      | Noticed pickled's ghost (weakling GnDe)
  5526 | D:4      | Killed pickled's ghost
  5668 | D:5      | Entered Level 5 of the Dungeon
  7259 | D:5      | Reached skill level 5 in Maces & Flails
  7526 | D:5      | Reached XP level 8. HP: 39/65 MP: 8/8
  7682 | D:6      | Noticed Maggie
  7830 | D:5      | Reached skill level 5 in Armour
  8130 | D:5      | Reached skill level 1 in Stealth
  8398 | D:6      | Reached skill level 5 in Fighting
  8667 | D:6      | Killed Maggie
  8845 | D:6      | Found a staircase to the Ecumenical Temple.
  9186 | D:6      | Found an opulent altar of Gozag.
  9487 | D:6      | Found a shimmering blue altar of Sif Muna.
  9593 | D:6      | Became a worshipper of Gozag Ym Sagoz the Greedy
  9618 | D:7      | Reached skill level 1 in Long Blades
  9917 | D:7      | Reached XP level 9. HP: 41/72 MP: 9/9
  9978 | D:7      | Reached skill level 2 in Long Blades
  9978 | D:7      | Identified a scroll of acquirement
  9978 | D:7      | Acquired the +3 barding of Bedevilment {MP+9 Dex+9}
 10612 | D:8      | Noticed Grum
 10621 | D:8      | Killed Grum
 10622 | D:8      | Reached skill level 3 in Long Blades
 10834 | D:8      | Reached skill level 4 in Long Blades
 11029 | D:8      | Found a staircase to the Lair.
 11183 | D:8      | Reached skill level 5 in Long Blades
 11796 | D:9      | Noticed a centaur warrior
 11806 | D:9      | Killed a centaur warrior
 11807 | D:9      | Reached skill level 6 in Long Blades
 11807 | D:9      | Reached XP level 10. HP: 54/81 MP: 10/10
 11936 | Lair:1   | Entered Level 1 of the Lair of Beasts
 12014 | Lair:1   | Reached skill level 5 in Shields
 12283 | Lair:1   | Reached skill level 5 in Dodging
 12562 | Lair:1   | Noticed an oklob plant
 12719 | Lair:1   | Noticed a black mamba
 12724 | Lair:1   | Killed a black mamba
 12725 | Lair:1   | Reached skill level 7 in Long Blades
 13075 | Lair:2   | Reached skill level 1 in Evocations
 13135 | Lair:2   | Noticed a cane toad
 13153 | Lair:2   | Killed a cane toad
 13161 | Lair:2   | Noticed a black mamba
 13190 | Lair:2   | Killed a black mamba
 13191 | Lair:2   | Reached XP level 11. HP: 33/88 MP: 11/11
 13594 | Lair:2   | Found a hole to the Spider Nest.
 13700 | Lair:2   | Noticed a five-headed hydra
 13833 | Lair:2   | Reached skill level 8 in Long Blades
 14770 | Lair:3   | Noticed a boulder beetle
 14776 | Lair:3   | Killed a boulder beetle
 15126 | Lair:3   | Reached skill level 9 in Long Blades
 15446 | Lair:3   | Noticed an eight-headed hydra
 15649 | D:9      | Noticed Harold
 16886 | D:9      | Noticed a two-headed ogre
 16917 | D:9      | Killed a two-headed ogre
 16918 | D:9      | Reached XP level 12. HP: 75/100 MP: 12/12
 17059 | D:9      | Killed Harold
 17060 | D:9      | Reached skill level 1 in Throwing
 17236 | D:9      | Noticed Prince Ribbit
 17242 | D:9      | Killed Prince Ribbit
 17349 | D:9      | Found a staircase to the Orcish Mines.
 17557 | D:9      | Noticed Pikel
 17573 | D:9      | Killed Pikel
 17715 | D:10     | Entered Level 10 of the Dungeon
 17742 | D:10     | Reached skill level 10 in Long Blades
 17826 | D:10     | Found Otul's Distillery.
 17957 | D:10     | Bought a potion of lignification for 36 gold pieces
 17957 | D:10     | Bought 2 potions of heal wounds for 120 gold pieces
 17957 | D:10     | Bought a potion of might for 48 gold pieces
 17957 | D:10     | Bought a potion of curing for 36 gold pieces
 17957 | D:10     | Bought a potion of might for 48 gold pieces
 17957 | D:10     | Bought a potion of might for 48 gold pieces
 17957 | D:10     | Bought a potion of mutation for 96 gold pieces
 17957 | D:10     | Bought a potion of cancellation for 96 gold pieces
 17957 | D:10     | Bought a potion of berserk rage for 60 gold pieces
 18040 | D:10     | Noticed Erica
 18051 | D:10     | Killed Erica
 18640 | Lair:2   | Killed a one-headed hydra
 18735 | Lair:3   | Killed a four-headed hydra
 19071 | Lair:4   | Found a gate leading to a gauntlet.
 19305 | Lair:4   | Found a staircase to the Swamp.
 19305 | Lair:4   | Noticed a death yak
 19305 | Lair:4   | Noticed a death yak
 19306 | Lair:4   | Noticed a death yak
 19307 | Lair:4   | Noticed a death yak
 19320 | Lair:4   | Killed a death yak
 19321 | Lair:4   | Reached skill level 11 in Long Blades
 19328 | Lair:4   | Killed a death yak
 19329 | Lair:4   | Reached skill level 10 in Fighting
 19336 | Lair:4   | Killed a death yak
 19348 | Lair:4   | Killed a death yak
 19768 | Lair:4   | Noticed a six-headed hydra
 19780 | Lair:4   | Killed a two-headed hydra
 19781 | Lair:4   | Reached XP level 13. HP: 89/111 MP: 13/13
 20394 | Lair:5   | Found a dark tunnel.
 20456 | Volcano  | Entered a volcano
 20876 | Volcano  | Noticed an orb of fire
 20897 | Volcano  | Noticed an orb of fire
 21036 | Volcano  | Reached skill level 12 in Long Blades
 21220 | Lair:5   | Reached skill level 5 in Stealth
 21228 | Lair:5   | Noticed Rupert
 21461 | Lair:5   | Identified the +5 chain mail "Enaoraet" {Fly rN+}
 21730 | Lair:5   | Killed Rupert
 21812 | Lair:5   | Found a staircase to the Slime Pits.
 22408 | Lair:6   | Entered Level 6 of the Lair of Beasts
 23093 | Lair:6   | Reached skill level 13 in Long Blades
 23093 | Lair:6   | Reached XP level 14. HP: 111/123 MP: 14/14
 23216 | Lair:6   | Paralysed by a hornet for 1 turns
 24390 | Orc:1    | Entered Level 1 of the Orcish Mines
 24397 | Orc:1    | Noticed Sonja
 24655 | D:9      | Killed Sonja
 25152 | Orc:2    | Entered Level 2 of the Orcish Mines
 25412 | D:1      | Bought a +1 long sword of holy wrath for 186 gold pieces
 25800 | D:7      | Identified the +1 leather armour "Soblikhlo" {-Cast rF+++
                  | Will- Dex+7}
 26034 | Orc:1    | Noticed Nergalle
 26052 | Orc:1    | Killed Nergalle
 26172 | Orc:1    | Found Wesasm's Distillery.
 26233 | Orc:1    | Bought 2 potions of heal wounds for 140 gold pieces
 26233 | Orc:1    | Bought a potion of heal wounds for 70 gold pieces
 26233 | Orc:1    | Bought a potion of heal wounds for 70 gold pieces
 26233 | Orc:1    | Bought a potion of curing for 42 gold pieces
 26233 | Orc:1    | Bought a potion of curing for 42 gold pieces
 26233 | Orc:1    | Bought a potion of curing for 42 gold pieces
 26233 | Orc:1    | Bought 2 potions of invisibility for 224 gold pieces
 26233 | Orc:1    | Bought a potion of curing for 42 gold pieces
 26398 | Orc:2    | Noticed Maurice
 26411 | Orc:2    | Killed Maurice
 26484 | Orc:2    | Noticed an orc warlord
 26898 | Orc:2    | Killed an orc warlord
 27698 | Orc:2    | Found Odghoan's Jewellery Emporium.
 27700 | Orc:2    | Found a staircase to the Elven Halls.
 27733 | Orc:2    | Bought a ring of protection from cold for 350 gold pieces
 27733 | Orc:2    | Bought a +4 ring of evasion for 504 gold pieces
 27733 | Orc:2    | Bought an amulet of reflection for 420 gold pieces
 29653 | D:11     | Noticed Psyche
 29662 | D:11     | Killed Psyche
 29760 | D:11     | Found Ojotil's Antique Armour Shop.
 29897 | D:11     | Identified the +6 long sword "Pastrosh" {spect, rElec
                  | Dex+2}
 29997 | D:11     | Noticed Erolcha
 30011 | D:11     | Reached skill level 14 in Long Blades
 30025 | D:11     | Noticed Fannar
 30028 | D:11     | Killed Erolcha
 30062 | D:11     | Killed Fannar
 30126 | D:11     | Noticed Josephine
 30127 | D:11     | You are sucked into a shaft and drop 3 floors!
 30257 | D:14     | Found a gate to the Vaults.
 30322 | D:14     | Reached XP level 15. HP: 83/132 MP: 15/15
 31050 | D:15     | Entered Level 15 of the Dungeon
 31924 | D:15     | Found a staircase to the Depths.
 33153 | D:13     | Noticed Snorg
 33161 | D:13     | Killed Snorg
 33461 | D:13     | Found a shimmering blue altar of Sif Muna.
 33602 | D:12     | Reached skill level 10 in Shields
 33647 | D:12     | Found a runed translucent door.
 33647 | D:12     | Found a shimmering altar of Xom.
 33647 | D:12     | Noticed bande's ghost (journeyman GrFi)
 34026 | D:11     | Bought a runed cloak for 202 gold pieces
 34026 | D:11     | Bought a runed scarf for 216 gold pieces
 34052 | D:11     | Killed Josephine
 34217 | D:11     | Found a sparkling altar of Nemelex Xobeh.
 34763 | Orc:2    | Found Wuhieg's General Store.
 34766 | Orc:2    | Found Xoiluit's Jewellery Boutique.
 34767 | Orc:2    | Found Beacusump's Assorted Antiques.
 34768 | Orc:2    | Found Tummu's Armour Shop.
 36680 | D:15     | Learned a level 3 spell: Dazzling Flash
 36684 | D:15     | Learned a level 3 spell: Summon Guardian Golem
 36689 | D:15     | Learned a level 4 spell: Anguish
 36896 | Swamp:1  | Entered Level 1 of the Swamp
 37544 | Swamp:1  | Reached skill level 1 in Spellcasting
 37550 | Swamp:1  | Learned a level 5 spell: Summon Mana Viper
 37709 | Swamp:1  | Noticed Louise
 37722 | Swamp:1  | Killed Louise
 37746 | Swamp:1  | Reached skill level 1 in Summonings
 38077 | Swamp:2  | Identified the +2 ring mail of Precision Catastrophes {rF+
                  | Dex+4 Slay+2}
 38489 | Swamp:2  | Reached skill level 1 in Hexes
 38696 | Swamp:2  | Reached XP level 16. HP: 121/143 MP: 19/19
 39614 | Swamp:3  | Identified the +0 robe "Axuf" {Str+3}
 39710 | Swamp:3  | Reached skill level 15 in Fighting
 40333 | Swamp:4  | Entered Level 4 of the Swamp
 40933 | Swamp:4  | Noticed a thorn hunter
 40945 | Swamp:4  | Killed a thorn hunter
 41948 | Swamp:3  | Reached skill level 18 in Long Blades
 41948 | Swamp:3  | Reached skill level 10 in Armour
 41948 | Swamp:3  | Upgraded the game from 0.29-a0-284-gf9362112df to
                  | 0.29-a0-414-g5075937ec3
 41948 | Swamp:3  | Reached XP level 17. HP: 149/186 MP: 25/25
 42110 | Swamp:4  | Reached skill level 5 in Spellcasting
 42783 | Swamp:4  | Got a decaying rune of Zot
 43398 | Spider:1 | Entered Level 1 of the Spider Nest
 44021 | Spider:1 | Reached skill level 19 in Long Blades
 44187 | Spider:1 | Reached skill level 5 in Hexes
 45093 | Spider:2 | Noticed Baxzics's ghost (adept DECj)
 45100 | Spider:2 | Found a transporter.
 45108 | Spider:2 | Found a transporter.
 45921 | Spider:2 | Identified the +5 glaive of Iniob {vorpal, rN+ Dex+4}
 47499 | Spider:3 | Identified Roxanne's Collected Works on Transmutation
 47499 | Spider:3 | Noticed Roxanne
 48199 | Spider:3 | Killed Roxanne
 48271 | Spider:4 | Entered Level 4 of the Spider Nest
 49016 | Spider:3 | Gained mutation: You passively map a small area around you.
                  | [Mayflytaur growth]
 49016 | Spider:3 | Reached XP level 18. HP: 150/196 MP: 28/28
 49160 | Spider:4 | HP: 8/294 [steelbarb worm (14)]
 49161 | Spider:4 | HP: 2/294 [redback (7)]
 49161 | Spider:4 | Demolished by a jumping spider

Illustrated notes

Levels and vault maps discovered:
D:1:      ebering_trefoil_3fold, layout_loops_cross, serial_shops,
          nicolae_shop_hallway_plus, minmay_hexomino_p4
D:2:      layout_loops_ring, basic_altar, ebering_ecumenical_altar_petrified,
          minmay_misc_feat_four_crosses, uniq_jessica, uniq_sigmund
D:3:      layout_basic
D:4:      layout_rooms, slow_altar_1, ebering_ghost_sewer_f, minmay_rat_hole
D:5:      layout_basic, corexii_corridor_pit
D:6:      layout_basic, nicolae_gozag_seed_capital,
          lemuel_coloured_pillars_altar, minmay_temple_entry_wispy, uniq_maggie
D:7:      layout_cave_pools, serial_glass, glass_columns_a, glass_columns_b,
          glass_columns_b, glass_columns_a, glass_columns_a, glass_columns_a,
          glass_columns_a, glass_columns_b, hangedman_decor_points,
          minmay_strange_pillars, kennysheep_generic_room_4
D:8:      layout_loops_cross, lair_entry_dummy,
          eino_small_chamber_without_monster, nicolae_figureground_pulse,
          uniq_grum
D:9:      layout_cave_pools, david_orc_1_choice, disabler_island, uniq_harold,
          uniq_pikel, uniq_prince_ribbit1
D:10:     layout_cave_pools, serial_shops, nicolae_shop_hallway_plus, uniq_erica
D:11:     layout_loops_cross, serial_shops,
          nicolae_shop_temple_entry_statues_fountains,
          nemelex_spade_bored_becter, uniq_psyche, uniq_fannar, uniq_erolcha,
          uniq_josephine
D:12:     layout_rooms, ebering_ghost_xom
D:13:     layout_irregular_city, tgw_sif, uniq_snorg
D:14:     layout_basic, erik_vaults_1, chequers_serial_rivers_micro_c
D:15:     hangedman_depths_entry_try_elsewhere_first, layout_loops_ring,
          minmay_misc_feat_rugged
Lair:1:   layout_misc_corridors, chequers_serial_rivers_room_a,
          cheibrodos_lair_caveside_slide, minmay_lair_oklob_items
Lair:2:   layout_loops_ring, nicolae_spider_entry_non_spiders, st_stairs_12
Lair:3:   layout_chaotic_city
Lair:4:   layout_loops_ring, minmay_swamp_entry_wisps, gauntlet_entry_generic,
          beast_lair_carwin_4, grunt_megastairs_5, serial_bayou_shore_a,
          lemuel_fruit_fields
Lair:5:   layout_gridlike, slime_dummy, nicolae_volcano_entry_two_sided,
          uniq_rupert
Lair:6:   minmay_lair_end_enchanted_forest, layout_regular_city
Swamp:1:  layout_falls_marsh, infiniplex_staircase_pool, swamp_pool2,
          uniq_louise
Swamp:2:  layout_basic_swamp, evilmike_swamp_ruin_house_4
Swamp:3:  layout_basic_swamp, evilmike_swamp_ruin_rubble_1, grunt_witch_cave
Swamp:4:  swamp_icy, layout_basic_swamp, swamp_pool5
Spider:1: layout_chambers, nicolae_spider_undead_wolf_pack
Spider:2: layout_chambers, gammafunk_ghost_arena
Spider:3: layout_spider_delve, uniq_roxanne
Spider:4: hellmonk_spider_rune_bug_friends
Orc:1:    layout_caves, basic_altar, serial_shops, nicolae_shop_stone,
          mines2_david, uniq_sonja, uniq_nergalle
Orc:2:    st_orc_pillars, layout_diamond_mine, serial_shops, shop, uniq_maurice

Skill      XL: |  1  2  3  4  5  6  7  8  9 10 11 12 13 14 15 16 17 18 |
---------------+-------------------------------------------------------+-----
Fighting       | 4 5 6 8 10 12 13 14 16 17 | 17.0
Maces & Flails | 3 4 5 6 8 |  8.4
Armour         | 3 4 6 7 8 10 11 | 11.7
Dodging        | 1 2 3 4 5 6 7 8 11 12 | 12.4
Shields        | 3 4 5 6 7 8 9 10 13 14 | 14.8
Stealth        | 1 2 3 4 5 6 11 | 11.5
Long Blades    | 1 6 7 9 11 13 14 18 19 | 19.1
Evocations     | 1 2 3 4 |  4.0
Throwing       | 1 2 |  2.1
Spellcasting   | 2 4 6 |  6.4
Summonings     | 1 3 |  3.7
Hexes          | 1 4 5 6 |  6.0
Unarmed Combat | |  0.9

Action                   |  1- 3 |  4- 6 |  7- 9 | 10-12 | 13-15 | 16-18 || total
-------------------------+-------+-------+-------+-------+-------+-------++-------
Melee: Whip              |    80 |   144 |   301 |       |       |       ||   525
       Flail             |    10 |       |       |       |       |       ||    10
       Tailslap          |     2 |    13 |    70 |   105 |   332 |   192 ||   714
       Demon blade       |       |       |   163 |   520 |   560 |       ||  1243
       Scimitar          |       |       |       |    18 |   415 |    25 ||   458
       Long sword        |       |       |       |       |   481 |   728 ||  1209
       Unarmed           |       |       |       |       |     5 |       ||     5
Throw: Stone             |       |       |       |    62 |     1 |       ||    63
       Throwing net      |       |       |       |       |       |     1 ||     1
 Cast: Summon Guardian G |       |       |       |       |       |     2 ||     2
Invok: Potion Petition   |       |       |       |       |     6 |     1 ||     7
 Abil: Rolling Charge    |     2 |       |     1 |     7 |     3 |       ||    13
Evoke: Wand              |       |       |     3 |    36 |     5 |     3 ||    47
       Box of beasts     |       |       |       |     1 |     1 |       ||     2
  Use: Potion            |       |     4 |       |     1 |    12 |     6 ||    23
       Scroll            |       |     2 |    11 |    12 |     9 |     4 ||    38
 Stab: Sleeping          |       |       |     6 |     8 |    11 |    13 ||    38
       Paralysed         |       |       |       |     2 |       |       ||     2
       Distracted        |       |       |       |     3 |    21 |    23 ||    47
       Invisible         |       |       |       |       |     2 |     2 ||     4
       Confused          |       |       |       |       |     1 |       ||     1
Armor: Scale mail        |    60 |    56 |    92 |       |       |       ||   208
       Steam dragon scal |       |       |   114 |   220 |    40 |       ||   374
       Chain mail        |       |       |       |       |   454 |       ||   454
       Leather armour    |       |       |       |       |    22 |   362 ||   384
Dodge: Dodged            |    50 |    39 |   168 |   232 |   371 |   698 ||  1558
Block: Buckler           |    25 |    31 |    79 |       |       |       ||   135
       Kite shield       |       |       |    37 |   272 |   831 |       ||  1140
       Reflection        |       |       |       |       |    15 |     9 ||    24
       Tower shield      |       |       |       |       |    67 |  1090 ||  1157

Table legend: (Time is in decaauts)
 A = Elapsed time spent in this place.
 B = Non-inter-level travel time spent in this place.
 C = Inter-level travel time spent in this place.
 D = Time resting spent in this place.
 E = Time spent auto-exploring this place.
 F = Levels seen in this place.
 G = Mean time per level.
                   A        B        C        D        E       F      G
               +--------+--------+--------+--------+--------+-----+--------+
         Total |  49333 |  44520 |   4813 |  14036 |  21701 |  32 | 1541.7 |
       Dungeon |  23303 |  21135 |   2168 |   7515 |  10488 |  15 | 1553.5 |
          Lair |   9263 |   8030 |   1233 |   1503 |   4944 |   6 | 1543.8 |
         Swamp |   6314 |   5708 |    606 |   2318 |   1647 |   4 | 1578.5 |
   Spider Nest |   5590 |   5104 |    486 |   1429 |   2697 |   4 | 1397.5 |
  Orcish Mines |   4160 |   3842 |    318 |   1150 |   1686 |   2 | 2080.0 |
       Volcano |    701 |    701 |      0 |    120 |    238 |   1 |  701.0 |
               +--------+--------+--------+--------+--------+-----+--------+

Top non-repeatable levels by time:
    D:15: 3222 daAuts
     D:9: 2679 daAuts
   Orc:2: 2667 daAuts
Spider:2: 2265 daAuts
 Swamp:3: 2180 daAuts
     D:5: 1973 daAuts
     D:4: 1943 daAuts
  Lair:2: 1849 daAuts
Spider:3: 1842 daAuts
     D:8: 1835 daAuts
  Lair:4: 1813 daAuts
  Lair:6: 1722 daAuts
     D:3: 1659 daAuts
 Swamp:4: 1633 daAuts
     D:6: 1629 daAuts
